 Dungeon Crawl Stone Soup version 0.24-a0-201-gf2055891f0 (webtiles) character file.

Game seed: 7984815198197320061

9310 MrRokkomies the Thrower (level 11, -5/116 (117) HPs)
             Began as an Ogre Hunter on Mar 20, 2019.
             Was a High Priest of Okawaru.
             Slain by a troll (9 damage)
             ... on level 11 of the Dungeon.
             The game lasted 00:45:00 (13595 turns).

MrRokkomies the Thrower (Ogre Hunter)              Turns: 13595, Time: 00:45:03

HP:   -5/116 (117)  AC:  6    Str: 18    XL:     11   Next: 44%
MP:   11/11         EV: 14    Int: 15    God:    Okawaru [*****.]
Gold: 823           SH:  0    Dex: 12    Spells: 9/10 levels left

rFire    . . .     SeeInvis .   a - +4 trident (freeze)
rCold    + . .     Gourm    .   (no shield)
rNeg     . . .     Faith    .   u - +1 robe
rPois    .         Spirit   .   (helmet restricted)
rElec    .         Reflect  .   d - +1 cloak {+Inv}
rCorr    .         Harm     .   (gloves unavailable)
MR       +....     Clarity  +   (boots unavailable)
Stlth    +.........             (no amulet)
HPRegen  0.29/turn              j - +3 ring of intelligence
MPRegen  0.12/turn              A - ring of protection from cold

@: no status effects
A: large, unfitting armour, talons 1, clarity, tough skin 1, sturdy frame 1
a: Heroism, Finesse, Renounce Religion, Evoke Invisibility


You were on level 11 of the Dungeon.
You worshipped Okawaru.
Okawaru was extremely pleased with you.
You were not hungry.

You visited 2 branches of the dungeon, and saw 12 of its levels.

You collected 823 gold pieces.

Inventory:

Hand Weapons
 a - a +4 trident of freezing (weapon)
 b - a +0 blowgun
 E - a +0 whip of venom
 H - a +3 battleaxe
Missiles
 m - 281 stones (quivered)
 o - 8 needles of frenzy
 r - 45 poisoned needles
 s - 30 large rocks
Armour
 d - a +1 cloak of invisibility (worn)
 u - a +1 robe (worn)
Jewellery
 g - an uncursed ring of fire
 j - a +3 ring of intelligence (left hand)
 A - a ring of protection from cold (right hand)
Wands
 c - a wand of iceblast (3)
 i - a wand of random effects (17)
 t - a wand of flame (37)
 J - a wand of paralysis (4)
Scrolls
 e - 5 scrolls of teleportation
 q - 8 scrolls of enchant armour
 v - 4 scrolls of remove curse
 w - a scroll of identify
 y - 3 scrolls of fog
 B - 2 scrolls of enchant weapon
 G - 2 scrolls of blinking
Potions
 h - 2 potions of mutation
 k - 2 potions of brilliance
 l - a potion of invisibility
 n - 3 potions of agility
 p - 2 potions of flight
 x - a potion of might
 z - 5 potions of curing
 D - 2 potions of magic
 F - 2 potions of ambrosia
 I - a potion of haste
 K - a potion of heal wounds
 L - 2 potions of resistance
Miscellaneous
 M - a lightning rod (4/4)
Comestibles
 f - 15 rations
 N - 4 chunks of flesh


   Skills:
 - Level 10.0 Fighting
 * Level 12.7 Throwing
 * Level 9.4 Dodging
 - Level 0.6 Stealth


You had 9 spell levels left.
You knew the following spells:

 Your Spells              Type           Power        Failure   Level  Hunger
a - Animate Skeleton      Necr           N/A          26%         1    ##.....

Your spell library contained the following spells:

 Spells                   Type           Power        Failure   Level  Hunger
 Pain                     Necr           #...         26%         1    ##.....
 Regeneration             Chrm/Necr      #.........   63%         3    ####...
 Vampiric Draining        Necr           #.........   63%         3    ####...
 Animate Dead             Necr           N/A          95%         4    #####..
 Malign Gateway           Summ/Tloc      #.........   100%        7    #######
 Monstrous Menagerie      Summ           #.........   100%        7    #######
 Summon Greater Demon     Summ           #.........   100%        7    #######
 Summon Horrible Things   Summ           #.........   100%        8    #######


Dungeon Overview and Level Annotations

Branches:
Dungeon (11/15)            Temple (1/1) D:4             Orc (0/2) D:10
   Lair: D:8-11

Altars:
Ashenzari
Cheibriados
Dithmenos
Elyvilon
Fedhas
Gozag
Hepliaklqana
Kikubaaqudgha
Makhleb
Nemelex Xobeh
Okawaru
Qazlal
Ru
Sif Muna
Trog
Uskayaw
Vehumet
Wu Jian
Xom
Yredelemnul
Zin
The Shining One

Shops:
D:6 *}?%   D:9 }   D:10 *


Innate Abilities, Weirdness & Mutations

You are too large for most types of armour.
You have tough skin. (AC +1)
You have sharp toenails.
You possess an exceptional clarity of mind.
Your movements are slightly less encumbered by armour. (ER -2)


Message History

A porcupine comes into view.
Fire/throw which item? (* to show all) (? for menu, Esc to quit)
Throwing (i - inventory. (/) - cycle)
m - 281 stones (quivered)
Press: ? - help, Shift-Dir - straight line, f/p - troll
Aim: a troll (severely wounded)
You throw a large rock. The large rock barely misses the troll.
The troll barely misses you. x2; The troll claws you.
* * * LOW HITPOINT WARNING * * *
Fire/throw which item? (* to show all) (? for menu, Esc to quit)
Throwing (i - inventory. (/) - cycle)
m - 281 stones (quivered)
Press: ? - help, Shift-Dir - straight line, f/p - troll
Aim: a troll (severely wounded)
You throw a large rock. The large rock hits the troll.
The troll is severely wounded.
The troll barely misses you. The troll misses you. The troll claws you!
* * * LOW HITPOINT WARNING * * *
The troll bites you!
* * * LOW HITPOINT WARNING * * *
The troll claws you!
You die...

#....'....##..######
# ###....
#....#.)............
#....<.
+....#..............
+......
#....#+#####..#####
####### ###...
##..###.# #...
#...#...# #...
#...#...# #..
#...#...+ #...'@..#
#..###T## #### .# ..
(.r (... .((## .P((


You could see a troll and a porcupine.

Vanquished Creatures
  Erolcha (D:10)
  A two-headed ogre (D:10)
  2 cyclopes
  A gargoyle (D:9)
  Grinder (D:3)
  2 hippogriffs (D:11)
  Eustachio (D:6)
  A hungry ghost (D:10)
  3 porcupines (D:11)
  A sky beast (D:10)
  A necrophage (D:11)
  10 orc warriors
  An ice beast (D:6)
  An eye of draining (D:10)
  4 ogres
  4 phantoms
  6 centaurs
  A crocodile (D:11)
  A big kobold (D:9)
  7 bullfrogs
  A wyvern zombie (D:10)
  4 scorpions
  2 killer bees (D:10)
  15 wights
  8 crimson imps
  A centaur skeleton (D:7)
  4 hounds
  2 jellies
  2 bullfrog skeletons
  7 orc priests
  Ijyb (D:3)
  9 orc wizards
  Terence (D:2)
  2 iguanas
  8 worker ants
  A hound zombie (D:7)
  8 gnolls
  19 adders
  2 shadow imps
  An ooze (D:1)
  2 adder skeletons
  A worm (D:5)
  2 dart slugs
  3 leopard geckos
  29 orcs
  2 ball pythons
  2 giant cockroaches (D:2)
  12 goblins
  4 hobgoblins
  13 jackals
  5 quokkas
  6 bats
  8 frilled lizards
  10 kobolds
  A quokka skeleton (D:5)
  13 rats
  A spectral orc (D:7)
262 creatures vanquished.

Vanquished Creatures (others)
  37 fungi (D:11)
  10 plants (D:11)
47 creatures vanquished.

Grand Total: 309 creatures vanquished

Notes
Turn   | Place    | Note
-------+----------+-------------------------------------------
     0 | D:1      | MrRokkomies the Ogre Hunter began the quest for the Orb.
     0 | D:1      | Reached XP level 1. HP: 22/22 MP: 1/1
    53 | D:1      | Reached XP level 2. HP: 15/31 MP: 2/2
   566 | D:1      | You fall through a shaft!
   590 | D:2      | Reached XP level 3. HP: 29/39 MP: 3/3
   965 | D:2      | Found a hazy altar of Hepliaklqana.
  1004 | D:2      | Reached XP level 4. HP: 49/49 MP: 4/4
  1079 | D:2      | Noticed Terence
  1081 | D:2      | Killed Terence
  1081 | D:2      | Reached skill level 5 in Throwing
  1089 | D:2      | Reached skill level 5 in Fighting
  1095 | D:2      | Reached XP level 5. HP: 56/57 MP: 5/5
  2917 | D:3      | Noticed Grinder
  2934 | D:3      | Killed Grinder
  2934 | D:3      | Reached skill level 6 in Throwing
  2934 | D:3      | Reached XP level 6. HP: 50/68 MP: 6/6
  3185 | D:3      | Gained mutation: You evolve. [potion of mutation]
  3185 | D:3      | Gained mutation: You possess an exceptional clarity of
                  | mind. [potion of mutation]
  3185 | D:3      | Gained mutation: You have sharp toenails. [potion of
                  | mutation]
  3461 | D:3      | Noticed Ijyb
  3474 | D:3      | Killed Ijyb
  3515 | D:4      | Found a staircase to the Ecumenical Temple.
  3525 | Temple   | Entered the Ecumenical Temple
  3733 | D:4      | Reached XP level 7. HP: 78/78 MP: 7/7
  4173 | D:4      | Found an iron altar of Okawaru.
  4183 | D:4      | Became a worshipper of Warmaster Okawaru
  4411 | D:5      | Entered Level 5 of the Dungeon
  4502 | D:5      | Reached skill level 7 in Throwing
  4754 | D:5      | Reached XP level 8. HP: 74/89 MP: 8/8
  4905 | D:5      | Reached * piety under Okawaru
  5187 | D:5      | Gained mutation: Your movements are slightly less
                  | encumbered by armour. (ER -2) [evolution]
  5187 | D:5      | Lost mutation: You evolve. [end of evolution]
  5300 | D:6      | Reached skill level 8 in Throwing
  5771 | D:6      | Reached skill level 10 in Fighting
  5777 | D:6      | Found a glowing golden altar of the Shining One.
  5782 | D:6      | Reached ** piety under Okawaru
  5818 | D:6      | Found Igemut's Food Shop.
  5819 | D:6      | Found Nucyok's Magic Scroll Shop.
  5825 | D:6      | Found Acifuent's Gadget Shop.
  5826 | D:6      | Found Gatwuxegis's Assorted Antiques.
  6183 | D:6      | Learned a level 1 spell: Animate Skeleton
  6236 | D:6      | Noticed Eustachio
  6246 | D:6      | Killed Eustachio
  6246 | D:6      | Reached XP level 9. HP: 101/101 MP: 9/9
  6444 | D:6      | Reached skill level 9 in Throwing
  7624 | D:7      | Found a bloodstained altar of Trog.
  8072 | D:7      | Found a basalt altar of Yredelemnul.
  8352 | D:8      | Reached *** piety under Okawaru
  8352 | D:8      | Reached skill level 5 in Dodging
  8375 | D:8      | Reached skill level 10 in Throwing
  9228 | D:8      | Received a gift from Okawaru
  9228 | D:8      | Reached XP level 10. HP: 72/110 MP: 10/10
  9760 | D:9      | Found Yddarchu's Gadget Boutique.
 10095 | D:9      | Reached **** piety under Okawaru
 10241 | D:9      | Reached skill level 11 in Throwing
 10593 | D:9      | Found an opulent altar of Gozag.
 10603 | D:9      | Noticed a gargoyle
 10605 | D:9      | Killed a gargoyle
 10700 | D:9      | Found a blossoming altar of Fedhas.
 10942 | D:10     | Entered Level 10 of the Dungeon
 10981 | D:10     | Received a gift from Okawaru
 11310 | D:10     | Noticed a two-headed ogre
 11311 | D:10     | Noticed a cyclops
 11542 | D:10     | HP: 2/110 [orc warrior/+0 glaive (10)]
 12004 | D:10     | Found a staircase to the Orcish Mines.
 12128 | D:10     | Noticed Erolcha
 12135 | D:10     | Killed Erolcha
 12135 | D:10     | Received a gift from Okawaru
 12135 | D:10     | Reached skill level 12 in Throwing
 12135 | D:10     | Reached XP level 11. HP: 51/117 MP: 11/11
 12363 | D:10     | Found Retas's General Store.
 12422 | D:10     | Killed a two-headed ogre
 12569 | D:10     | Killed a cyclops
 13294 | D:11     | Noticed a cyclops
 13298 | D:11     | Killed a cyclops
 13298 | D:11     | Reached ***** piety under Okawaru
 13407 | D:11     | Received a gift from Okawaru
 13590 | D:11     | Received a gift from Okawaru
 13595 | D:11     | HP: 4/116 [troll (8)]
 13595 | D:11     | Slain by a troll

Levels and vault maps discovered:
D:1:      wander_arrival_estate, layout_basic, serial_forest,
          infiniplex_forest_end_2, infiniplex_forest_lined_1,
          infiniplex_forest_end_2, infiniplex_forest_end_2, minmay_pentomino_r4
D:2:      layout_loops_cross, old_standard_altar, columned_hall_lemuel,
          minmay_goblin_kobold_house, uniq_terence
D:3:      layout_rooms, kennysheep_generic_room_9, uniq_grinder, uniq_ijyb
D:4:      layout_loops_ring, kennysheep_okawaru_gauntlet,
          minmay_temple_entry_trees, first_ration
D:5:      layout_gridville, st_stairs_8, minivault_4
D:6:      layout_loops_corners, basic_altar, nrook_mini_vaults, st_stairs_9,
          minmay_shop_grid_forest, minmay_stone_trees_small, moated_statue,
          uniq_eustachio
D:7:      layout_basic, kennysheep_mini, yredelemnul_forgotten_temple_becter
D:8:      layout_loops_ring
D:9:      layout_loops_ring, kennysheep_mini_moat, grunt_gozag_statues,
          serial_shops, kennysheep_little_box
D:10:     layout_roguey, david_orc_4, serial_shops, shop, uniq_erolcha
D:11:     layout_gridville, due_lair_maze_entry_diamond, uniq_maurice,
          uniq_sonja
Temple:   regret_index_temple_sphere_string

Skill      XL: |  1  2  3  4  5  6  7  8  9 10 11 |
---------------+----------------------------------+-----
Fighting       | 3 4 5 6 7 8 10 | 10.0
Throwing       | 5 6 7 8 10 12 | 12.7
Dodging        | 3 6 8 9 |  9.4
Stealth        | |  0.6

Action                   |  1- 3 |  4- 6 |  7- 9 | 10-12 || total
-------------------------+-------+-------+-------+-------++-------
Melee: Short sword       |    56 |       |       |       ||    56
       Mace              |    14 |    25 |       |       ||    39
       Flail             |       |   146 |    32 |       ||   178
       Kick              |       |     5 |    61 |    62 ||   128
       War axe           |       |       |   214 |     2 ||   216
       Punch             |       |       |     1 |       ||     1
       Trident           |       |       |       |   226 ||   226
       Battleaxe         |       |       |       |     6 ||     6
Throw: Large rock        |     7 |    18 |    24 |    37 ||    86
       Stone             |       |    21 |    78 |    15 ||   114
       Throwing net      |       |     1 |     2 |     1 ||     4
       Javelin           |       |       |    73 |       ||    73
       Tomahawk          |       |       |    10 |    53 ||    63
Invok: Heroism           |       |       |     3 |     7 ||    10
Evoke: Wand              |       |       |       |     2 ||     2
  Use: Scroll            |       |     8 |    14 |     9 ||    31
       Potion            |       |     1 |       |     1 ||     2
 Stab: Sleeping          |     2 |       |       |     1 ||     3
       Held in net/web   |       |       |     1 |     1 ||     2
  Eat: Chunk             |       |     8 |    11 |     6 ||    25
       Ration            |       |       |     2 |     3 ||     5
Armor: Robe              |    26 |    85 |    48 |    51 ||   210
Dodge: Dodged            |    49 |    97 |   174 |   173 ||   493

Table legend:
 A = Non-vault XP
 B = Vault XP
 C = Vault XP percentage of total XP
 D = Non-vault monster count
 E = Vault monster count
 F = Vault count percentage of total count
                 A         B        C        D         E       F
            +---------+---------+-------+---------+---------+-------
      Total |   10321 |    2979 |  22.4 |     222 |      40 |  15.3
            +---------+---------+-------+---------+---------+-------
        D:1 |      37 |       4 |   9.8 |      19 |       3 |  13.6
        D:2 |     168 |      46 |  21.5 |      32 |       6 |  15.8
        D:3 |      32 |     322 |  91.0 |       7 |       3 |  30.0
        D:4 |     269 |       4 |   1.5 |      11 |       2 |  15.4
        D:5 |     559 |      33 |   5.6 |      20 |       1 |   4.8
        D:6 |     811 |     305 |  27.3 |      19 |       3 |  13.6
        D:7 |     968 |       1 |   0.1 |      27 |       1 |   3.6
        D:8 |    1125 |       0 |   0.0 |      21 |       0 |   0.0
        D:9 |    1862 |       0 |   0.0 |      30 |       0 |   0.0
       D:10 |    3267 |    1734 |  34.7 |      31 |      17 |  35.4
       D:11 |    1223 |     530 |  30.2 |       5 |       4 |  44.4
            +---------+---------+-------+---------+---------+-------
